 Dungeon Crawl Stone Soup version 0.21-a0-434-g806c6c2 (webtiles) character file.

49283 kae the Severer (level 14, -5/129 HPs)
             Began as a Hill Orc Fighter on Nov 8, 2017.
             Was a High Priest of Makhleb.
             Slain by a centaur (7 damage)
             ... on level 2 of the Orcish Mines.
             The game lasted 00:23:53 (21229 turns).

kae the Severer (Hill Orc Fighter)                 Turns: 21229, Time: 00:23:54

Health: -5/129     AC: 18    Str: 24    XL:     14   Next: 50%
Magic:  24/24      EV: 10    Int:  8    God:    Makhleb [*****.]
Gold:   1746       SH:  5    Dex: 18    Spells: 13/13 levels left

rFire    . . .     SeeInvis +   a - +1 war axe (venom)
rCold    . . .     Gourm    .   K - +0 buckler
rNeg     . . .     Faith    .   b - +0 scale mail
rPois    +         Spirit   .   z - +2 helmet {SInv}
rElec    .         Reflect  .   L - +0 cloak
rCorr    .         Harm     .   k - +1 pair of gloves
MR       +....     Clarity  +   q - +0 pair of boots
Stlth    ..........             (no amulet)
HPRegen  0.31/turn              i - +5 ring of dexterity
MPRegen  0.19/turn              s - ring "Dynel" {rPois Dex+3}

@: hasted, very quick
A: blurry vision 1, clarity, mutation resistance 1
a: Minor Destruction, Lesser Servant of Makhleb, Major Destruction, Greater
Servant of Makhleb, Renounce Religion


You were on level 2 of the Orcish Mines.
You worshipped Makhleb.
Makhleb was extremely pleased with you.
You were very hungry.

You visited 3 branches of the dungeon, and saw 19 of its levels.

You collected 1774 gold pieces.
You spent 28 gold pieces at shops.

Inventory:

Hand Weapons
 a - a +1 war axe of venom (weapon)
 o - a +0 war axe of chopping
Armour
 b - a +0 scale mail (worn)
 c - a +0 shield
 k - a +1 pair of gloves (worn)
 q - a +0 pair of boots (worn)
 z - a +2 helmet of see invisible (worn)
 K - a +0 buckler (worn)
 L - a +0 cloak (worn)
Jewellery
 i - a +5 ring of dexterity (left hand)
 s - the ring "Dynel" (right hand) {rPois Dex+3}
   (You found it on level 10 of the Dungeon)

   [ring of poison resistance]

   It affects your dexterity (+3).
   It protects you from poison.
 A - a +4 ring of dexterity
 N - an uncursed amulet of rage
 V - an uncursed amulet of faith {unknown}
 W - a cursed ring of loudness {unknown}
Wands
 p - a wand of polymorph (15/24)
 v - a wand of polymorph (17/24)
 y - a wand of iceblast (1/15)
 F - a wand of random effects (23/48)
 J - a wand of digging (17/24)
 O - a wand of polymorph (15/24)
 R - a wand of clouds (1/9)
 U - a wand of digging (9/24)
Scrolls
 h - 14 scrolls of identify
 j - 4 scrolls of teleportation
 t - 4 scrolls of remove curse
 w - 3 scrolls of fog
 C - 3 scrolls of vulnerability
 E - a scroll of blinking
 G - a scroll of brand weapon
 I - 2 scrolls of enchant weapon
 M - 2 scrolls of enchant armour
 Q - 4 scrolls of fear
 X - a scroll of amnesia
 Y - a scroll of magic mapping {unknown}
Potions
 e - 5 potions of haste
 l - 2 potions of lignification
 m - 8 potions of flight
 r - 3 potions of brilliance
 u - a potion of invisibility
 x - 3 potions of resistance
 B - a potion of agility
 H - a potion of might
 P - 3 potions of curing
Books
 d - a book of the Earth

   Spells                             Type                      Level
   a - Leda's Liquefaction            Hexes/Earth                  4
   b - Bolt of Magma                  Conjuration/Fire/Earth       5
   c - Statue Form                    Transmutation/Earth          6
   d - Iron Shot                      Conjuration/Earth            6
   e - Shatter                        Earth                        9
 S - a book of Frost

   Spells                             Type                      Level
   a - Freeze                         Ice                          1
   b - Throw Frost                    Conjuration/Ice              2
   c - Ozocubu's Armour               Charms/Ice                   3
   d - Throw Icicle                   Conjuration/Ice              4
   e - Summon Ice Beast               Ice/Summoning                4
 T - a book of Maledictions

   Spells                             Type                      Level
   a - Corona                         Hexes                        1
   b - Ensorcelled Hibernation        Hexes/Ice                    2
   c - Confuse                        Hexes                        3
   d - Tukima's Dance                 Hexes                        3
   e - Dazzling Spray                 Conjuration/Hexes            3
Comestibles
 f - 8 bread rations
 g - 13 meat rations
 n - 16 royal jellies
 D - 21 fruits


   Skills:
 + Level 13.5 Fighting
 * Level 19.2 Axes
 + Level 12.5 Armour
 - Level 4.0 Shields
 + Level 13.5 Invocations


You had 13 spell levels left.
You didn't know any spells.

Dungeon Overview and Level Annotations

Branches:
Dungeon (11/15)            Temple (0/1) D:6            Lair (6/6) D:10
 Shoals (0/4) Lair:4       Spider (0/4) Lair:4        Slime (0/5) Lair:5
    Orc (2/2) D:11
    Elf: Orc:2

Altars:
Ashenzari
Elyvilon
Fedhas
Gozag
Hepliaklqana
Kikubaaqudgha
Makhleb
Nemelex Xobeh
Okawaru
Qazlal
Sif Muna
Uskayaw
Wu Jian
Yredelemnul
The Shining One
Beogh
Jiyva

Shops:
D:5 =   Orc:2 :?(%

Annotations:
Lair:2 exclusion: 4 oklob plants
Orc:2 Sonja


Innate Abilities, Weirdness & Mutations

Scrolls take you a little longer to read.
You possess an exceptional clarity of mind.
You are somewhat resistant to further mutation.


Message History

Your +0 cloak unmelds from your body.
Your +2 helmet of see invisible unmelds from your body.
Your +1 pair of gloves unmelds from your body.
Your +0 pair of boots unmelds from your body.
Your +0 scale mail unmelds from your body.
You feel perceptive.
Your neqoxec closely misses the orc warrior.
The orc warrior throws a tomahawk.
The tomahawk barely misses your neqoxec.
The tomahawk misses you.
The tomahawk hits the orc.
The orc dies!
The orc warrior hits you with a glaive!
* * * LOW HITPOINT WARNING * * *
Things that are here:
a flail; a chain mail; an orc corpse The centaur unwields an uncursed shortbow.
You block the centaur's attack.
The centaur unwields an uncursed shortbow.
The centaur hits you!
You die...

### . ##∩## ≈≈.
≈≈####)))####≈≈≈≈
.....o)∩co.o.....
....oo3∩)@c......
≈≈####..)####≈≈≈≈
##∩## . ###


You could see 3 orc warriors, 2 centaurs, 2 orcs and a friendly neqoxec.

Vanquished Creatures
  Nessos (Lair:4)
  The ghost of EnegeticOcto the Martial Artist, a journeyman GnTm of Ru (Lair:5)
  Snorg (Lair:4)
  An ice dragon (Lair:6)
  Harold (Lair:4)
  3 two-headed ogres
  7 death yaks
  An orc high priest (Orc:1)
  The ghost of cedi the Basher, a novice MiBe of Trog (Lair:1)
  An unseen horror (D:11)
  A deep elf archer (D:10)
  An orc knight (Orc:1)
  A lindwurm (Lair:6)
  A wolf spider (D:10)
  3 black mambas
  5 torpor snails
  8 elephants
  The ghost of Laiders the Shield-Bearer, a novice FoFi of Okawaru (D:6)
  10 spiny frogs
  A komodo dragon (Lair:1)
  A polar bear (Lair:6)
  3 trolls
  A queen bee (D:9)
  3 tyrant leeches (Lair:6)
  7 hornets (Lair:6)
  3 slime creatures (D:10)
  10 hippogriffs
  20 blink frogs
  A wyvern (Lair:6)
  A wraith (D:7)
  15 yaks
  A basilisk (Lair:1)
  2 hungry ghosts
  A warg (D:11)
  2 hell hounds (Orc:1)
  10 water moccasins
  The ghost of anet the Magician, an amateur DEWz (D:3)
  6 porcupines
  26 orc warriors
  2 black bears (D:10)
  3 phantoms (D:8)
  2 ice beasts
  3 sky beasts
  3 necrophages (D:7)
  5 ogres
  23 centaurs
  10 crocodiles
  A big kobold (D:11)
  A gnoll sergeant (D:8)
  16 bullfrogs
  2 scorpions
  23 killer bees
  5 wights (D:7)
  A howler monkey (D:4)
  2 electric eels
  A bullfrog zombie (D:11)
  3 crimson imps
  4 human zombies (D:7)
  3 jellies
  9 orc priests
  6 hounds
  13 orc wizards
  A bullfrog skeleton (D:11)
  2 human skeletons (D:7)
  3 iguanas
  5 worker ants
  A hound zombie (D:7)
  14 adders
  5 gnolls
  A howler monkey skeleton (D:4)
  A shadow imp (D:6)
  2 oozes
  An adder skeleton (D:8)
  A worm (D:4)
  5 dart slugs
  7 leopard geckos
  73 orcs
  3 ball pythons
  11 bats
  4 giant cockroaches
  9 hobgoblins
  8 jackals
  4 quokkas
  6 frilled lizards
  8 goblins
  11 kobolds
  An orc skeleton (D:7)
  A quokka skeleton (D:8)
  10 rats
  A butterfly (Lair:5)
  11 fungi
  9 plants
524 creatures vanquished.

Vanquished Creatures (collateral kills)
  The ghost of KristoblXynda the Carver, a journeyman DrFi of Dithmenos (Orc:1)
  A hydra (Lair:6)
  An elephant (Lair:5)
  2 torpor snails (Lair:6)
  A troll (Orc:1)
  A tyrant leech (Lair:6)
  A blink frog (Lair:5)
  A yak (Lair:6)
  2 wargs (Orc:1)
  8 orc warriors
  An ogre (Orc:1)
  An orc priest (Orc:1)
  2 orcs (Orc:1)
23 creatures vanquished.

Vanquished Creatures (others)
  An adder (D:3)
  3 orcs
  14 fungi
  15 plants
33 creatures vanquished.

Grand Total: 580 creatures vanquished

Notes
Turn   | Place    | Note
-------+----------+-------------------------------------------
     0 | D:1      | kae the Hill Orc Fighter began the quest for the Orb.
     0 | D:1      | Reached XP level 1. HP: 19/19 MP: 1/1
    48 | D:1      | Reached skill level 3 in Axes
   102 | D:1      | Reached XP level 2. HP: 23/27 MP: 2/2
   393 | D:1      | Reached XP level 3. HP: 29/33 MP: 3/3
   620 | D:2      | Found an ornate altar of the Wu Jian Council.
   630 | D:2      | Reached skill level 4 in Axes
   638 | D:2      | Found a glowing golden altar of the Shining One.
   642 | D:2      | Reached XP level 4. HP: 15/40 MP: 4/4
  1253 | D:2      | Reached skill level 5 in Axes
  1520 | D:2      | Reached XP level 5. HP: 47/47 MP: 5/5
  1521 | D:2      | Found an iron altar of Okawaru.
  1648 | D:3      | Noticed anet's ghost (amateur DEWz)
  1926 | D:3      | Killed anet's ghost
  1926 | D:3      | Reached skill level 5 in Fighting
  1926 | D:3      | Reached skill level 6 in Axes
  1926 | D:3      | Reached XP level 6. HP: 41/56 MP: 6/6
  2587 | D:3      | Found a burning altar of Makhleb.
  2591 | D:3      | Found a deep blue altar of Sif Muna.
  2596 | D:3      | Found a hide-covered altar of Uskayaw.
  2747 | D:3      | Became a worshipper of Makhleb the Destroyer
  2877 | D:4      | Reached skill level 7 in Axes
  2877 | D:4      | Reached skill level 5 in Armour
  2877 | D:4      | Reached skill level 1 in Invocations
  2877 | D:4      | Reached XP level 7. HP: 56/61 MP: 7/7
  3066 | D:4      | Found a white marble altar of Elyvilon.
  3089 | D:4      | Found a sparkling altar of Nemelex Xobeh.
  3090 | D:4      | Found an opulent altar of Gozag.
  3590 | D:5      | Entered Level 5 of the Dungeon
  4043 | D:5      | Found Seck's Jewellery Emporium.
  4046 | D:5      | Bought a cursed -6 ring of strength for 28 gold pieces
  4471 | D:6      | Reached skill level 8 in Axes
  4862 | D:6      | Reached XP level 8. HP: 69/70 MP: 10/10
  5030 | D:6      | Reached * piety under Makhleb
  5106 | D:6      | You fall through a shaft for 2 floors!
  5187 | D:7      | Found a basalt altar of Yredelemnul.
  5308 | D:7      | Reached skill level 9 in Axes
  5368 | D:6      | Noticed Laiders's ghost (novice FoFi)
  5385 | D:6      | Killed Laiders's ghost
  5422 | D:6      | You fall through a shaft for 3 floors!
  5422 | D:9      | Noticed a hippogriff
  5434 | D:9      | Killed a hippogriff
  5434 | D:9      | Reached XP level 9. HP: 37/78 MP: 12/12
  5679 | D:8      | Reached skill level 10 in Axes
  5697 | D:8      | Found a roughly hewn altar of Beogh.
  6364 | D:6      | Found a staircase to the Ecumenical Temple.
  6418 | D:7      | Found a shattered altar of Ashenzari.
  6434 | D:7      | Reached skill level 5 in Invocations
  6454 | D:7      | Got a vibrating granite ring
  6546 | D:7      | Found a stormy altar of Qazlal.
  7283 | D:7      | Reached skill level 11 in Axes
  7324 | D:7      | Reached ** piety under Makhleb
  7334 | D:7      | Found an ancient bone altar of Kikubaaqudgha.
  7512 | D:7      | Identified the ring "Cuta" {Ice MR+} (You took it off a wight on level 7 of the Dungeon)
  7582 | D:8      | Reached XP level 10. HP: 88/88 MP: 13/15
  7652 | D:8      | Noticed a two-headed ogre
  7676 | D:7      | Reached skill level 12 in Axes
  7908 | D:8      | Found a blossoming altar of Fedhas.
  8053 | D:8      | Reached *** piety under Makhleb
  8450 | D:8      | Killed a two-headed ogre
  8840 | D:9      | Reached skill level 13 in Axes
  9000 | D:9      | Gained mutation: Scrolls take you a little longer to read. [potion of mutation]
  9000 | D:9      | Gained mutation: You are somewhat resistant to further mutation. [potion of mutation]
  9000 | D:9      | Gained mutation: You possess an exceptional clarity of mind. [potion of mutation]
  9017 | D:9      | Reached **** piety under Makhleb
  9018 | D:9      | Reached XP level 11. HP: 50/97 MP: 17/17
  9371 | D:10     | Entered Level 10 of the Dungeon
  9392 | D:10     | Got a wavering pewter ring
  9400 | D:10     | Identified the ring "Dynel" {rPois Dex+3} (You found it on level 10 of the Dungeon)
  9465 | D:10     | Noticed a death yak
  9465 | D:10     | Noticed a death yak
  9467 | D:10     | Noticed a death yak
  9524 | D:9      | Killed a death yak
  9686 | D:9      | Killed a death yak
  9686 | D:9      | Reached skill level 10 in Fighting
  9686 | D:9      | Reached skill level 14 in Axes
  9769 | D:10     | Killed a death yak
  9864 | D:10     | Noticed a death yak
  9865 | D:10     | Noticed a death yak
  9867 | D:10     | Noticed a two-headed ogre
  9868 | D:10     | Found a staircase to the Lair.
  9884 | D:10     | Killed a death yak
  9890 | D:10     | Killed a death yak
  9895 | D:10     | Killed a two-headed ogre
 10101 | D:10     | Found a runed door.
 10191 | D:10     | Reached skill level 15 in Axes
 10209 | D:10     | Reached skill level 10 in Invocations
 10223 | D:10     | Noticed a two-headed ogre
 10230 | D:10     | Killed a two-headed ogre
 10546 | D:10     | Noticed a deep elf archer
 10579 | D:10     | Killed a deep elf archer
 10579 | D:10     | Reached skill level 10 in Armour
 10579 | D:10     | Reached XP level 12. HP: 75/108 MP: 19/19
 11060 | Lair:1   | Entered Level 1 of the Lair of Beasts
 11060 | Lair:1   | Noticed cedi's ghost (novice MiBe)
 11095 | Lair:1   | Killed cedi's ghost
 12308 | Lair:2   | Reached skill level 16 in Axes
 12340 | Lair:2   | Reached ***** piety under Makhleb
 13621 | Lair:4   | Noticed Harold
 13649 | Lair:4   | Killed Harold
 13784 | Lair:4   | Found a staircase to the Shoals.
 13807 | Lair:4   | Noticed Nessos
 13820 | Lair:4   | Killed Nessos
 13820 | Lair:4   | Reached XP level 13. HP: 70/117 MP: 21/21
 13987 | Lair:4   | Found a hole to the Spider Nest.
 14131 | Lair:4   | Noticed Snorg
 14145 | Lair:4   | Killed Snorg
 14145 | Lair:4   | Reached skill level 17 in Axes
 14913 | Lair:5   | Found a staircase to the Slime Pits.
 14913 | Lair:5   | Found a viscous altar of Jiyva.
 15243 | Lair:5   | Noticed EnegeticOcto's ghost (journeyman GnTm)
 15265 | Lair:5   | Killed EnegeticOcto's ghost
 15510 | Lair:5   | Found a hazy altar of Hepliaklqana.
 16395 | Lair:6   | Entered Level 6 of the Lair of Beasts
 16624 | Lair:6   | Found the +7 sceptre of Torment
 16626 | Lair:6   | Reached skill level 18 in Axes
 17335 | Lair:6   | Found a runed door.
 17682 | Lair:6   | Reached XP level 14. HP: 129/129 MP: 23/23
 19463 | D:11     | Found a staircase to the Orcish Mines.
 19484 | D:11     | Found a roughly hewn altar of Beogh.
 19708 | Orc:1    | Entered Level 1 of the Orcish Mines
 19709 | Orc:1    | Noticed KristoblXynda's ghost (journeyman DrFi)
 20295 | Orc:1    | Killed KristoblXynda's ghost
 20416 | Orc:1    | Reached skill level 19 in Axes
 20446 | Orc:1    | Found a roughly hewn altar of Beogh.
 21132 | Orc:2    | Entered Level 2 of the Orcish Mines
 21133 | Orc:2    | Noticed Sonja
 21181 | Orc:2    | Found Weutikluat's Magic Scroll Shoppe.
 21181 | Orc:2    | Found Kang's Antique Weapon Boutique.
 21181 | Orc:2    | Found Aduenkei's Book Emporium.
 21181 | Orc:2    | Found Fiw Cou's Food Shop.
 21228 | Orc:2    | HP: 2/129 [orc warrior/glaive (17)]
 21229 | Orc:2    | Slain by a centaur

Vault maps used:
D:1:      sevenhm_arrival_forest_fort_small_3
D:2:      lemuel_coloured_pillars_altar, grunt_temple_overflow_open,
          kennysheep_generic_room_6
D:3:      minmay_overflow_temple_star_quad, first_bread,
          roderic_nine_men_s_morris, supply_closet_lemuel
D:4:      grunt_temple_overflow_opulence, marbit_many_paths,
          kennysheep_generic_room_15
D:5:      serial_shops, kennysheep_mini
D:6:      minmay_temple_entry_poolview, lightli_minifort
D:7:      cheibrodos_ashenzari_chains,
          chequers_temple_overflow_statue_of_worship,
          lemuel_mausoleum_altar_kikubaaqudgha
D:8:      special_room, grunt_ogre_cave, fedhas_altar_3
D:9:      special_room, kennysheep_generic_room_16
D:10:     dpeg_lair_monsters, minivault_13
D:11:     minmay_orc_entry_temple_small
Lair:1:   grunt_megastairs_5, serial_bayou_shore_b
Lair:2:   portal_ice_cave_entry_pillars_1, minmay_lair_oklob_chamber
Lair:4:   minmay_shoals_entry_centaurs, dummy_spider_entry,
          serial_bayou_lagoon_a, uniq_nessos, uniq_harold, uniq_snorg
Lair:5:   slime_altar_1, lemuel_centaur_altar, grunt_megastairs_2,
          lemuel_fruit_tree, lemuel_fruit_fields
Lair:6:   wormcave, serial_bayou_lake_a, infiniplex_staircase_pool_2
Orc:1:    basic_altar, nicolae_orc_stony_grotto, statue_in_the_mist_lemuel
Orc:2:    st_orc_rangers, uniq_azrael, uniq_sonja, uniq_saint_roka

Skill      XL: |  1  2  3  4  5  6  7  8  9 10 11 12 13 14 |
---------------+-------------------------------------------+-----
Axes           | 3 4 5 6 7 8 9 11 13 15 16 18 19 | 19.2
Fighting       | 4 5 6 7 8 9 10 11 13 | 13.5
Armour         | 4 5 6 7 8 10 11 12 | 12.5
Invocations    | 1 2 4 6 8 10 11 12 13 | 13.5
Shields        | 4 |  4.0

Action                   |  1- 3 |  4- 6 |  7- 9 | 10-12 | 13-15 || total
-------------------------+-------+-------+-------+-------+-------++-------
Melee: War axe           |    74 |   163 |   401 |   589 |   664 ||  1891
Invok: Lesser Servant of |       |       |       |     2 |    16 ||    18
Evoke: Wand              |       |     2 |     3 |       |       ||     5
  Use: Scroll            |     6 |     2 |    17 |       |     3 ||    28
       Potion            |     1 |       |     2 |     6 |     4 ||    13
 Stab: Confused          |       |     1 |       |       |       ||     1
       Distracted        |       |       |       |       |     9 ||     9
       Invisible         |       |       |       |       |     5 ||     5
  Eat: Chunk             |       |     6 |    15 |    24 |    16 ||    61
       Fruit             |       |       |       |     2 |       ||     2
       Royal jelly       |       |       |       |       |     1 ||     1
       Bread ration      |       |       |       |       |     1 ||     1
Armor: Scale mail        |    60 |    87 |   129 |   245 |   262 ||   783
       Skin              |       |       |       |    56 |    48 ||   104
Dodge: Dodged            |    76 |    95 |   137 |   176 |   224 ||   708
Block: Buckler           |       |       |    67 |   134 |   149 ||   350

Table legend:
 A = Spawn XP
 B = Non-spawn XP
 C = Spawn XP percentage of total XP
 D = Spawn monster count
 E = Non-spawn monster count
 F = Spawn count percentage of total count
 G = Total turns spent on level
                    A         B        C        D         E        F      G
               +---------+---------+-------+---------+---------+-------+---------
         Total |       0 |   70405 |   0.0 |       0 |     526 |   0.0 | 21229
               +---------+---------+-------+---------+---------+-------+---------
           D:1 |       0 |      47 |   0.0 |       0 |      21 |   0.0 |   613
           D:2 |       0 |     150 |   0.0 |       0 |      38 |   0.0 |  1172
           D:3 |       0 |     297 |   0.0 |       0 |      27 |   0.0 |  1029
           D:4 |       0 |     293 |   0.0 |       0 |       9 |   0.0 |   776
           D:5 |       0 |     188 |   0.0 |       0 |      10 |   0.0 |   730
           D:6 |       0 |    1002 |   0.0 |       0 |      19 |   0.0 |  1577
           D:7 |       0 |    2633 |   0.0 |       0 |      41 |   0.0 |  1496
           D:8 |       0 |    2201 |   0.0 |       0 |      47 |   0.0 |   932
           D:9 |       0 |    4446 |   0.0 |       0 |      39 |   0.0 |  1214
          D:10 |       0 |    8221 |   0.0 |       0 |      30 |   0.0 |  1531
          D:11 |       0 |    2570 |   0.0 |       0 |      35 |   0.0 |  1294
        Lair:1 |       0 |    2482 |   0.0 |       0 |       9 |   0.0 |  1003
        Lair:2 |       0 |    5753 |   0.0 |       0 |      24 |   0.0 |   938
        Lair:3 |       0 |    1358 |   0.0 |       0 |       8 |   0.0 |   654
        Lair:4 |       0 |    6191 |   0.0 |       0 |      17 |   0.0 |  1291
        Lair:5 |       0 |    8469 |   0.0 |       0 |      27 |   0.0 |  1601
        Lair:6 |       0 |   16299 |   0.0 |       0 |      56 |   0.0 |  2381
         Orc:1 |       0 |    4874 |   0.0 |       0 |      41 |   0.0 |   933
         Orc:2 |       0 |    2931 |   0.0 |       0 |      28 |   0.0 |    64
               +---------+---------+-------+---------+---------+-------+---------
